 Dungeon Crawl Stone Soup version 0.31.0-32-g396128a36d (webtiles) character file.

Game seed: 9328717434938421073

10245 gohu the Thaumaturge (level 11, -2/78 HPs)
             Began as a Djinni Fire Elementalist on Mar 11, 2024.
             Was a Believer of Makhleb.
             Slain by an orc knight
             ... wielding a +0 halberd
              (6 damage)
             ... on level 10 of the Dungeon.
             The game lasted 00:24:46 (10866 turns).

gohu the Thaumaturge (Djinni Fire Elementalist)    Turns: 10866, Time: 00:24:46

Health: -2/78      AC: 13    Str:  7    XL:     11   Next: 89%
Gold:   495        EV: 14    Int: 24    God:    Makhleb [**....] SH: 11 Dex: 15

rFire   + + +        r - staff of fire
rCold   x . .        d - +0 buckler
rNeg    + . .        B - +4 ring mail of Obruwu {Rampage *Corrode rF+ Int+4}
rPois   ∞            F - +0 helmet
rElec   .            (no cloak)
rCorr   .            J - +0 pair of gloves
SInv    .            (boots unavailable)
Will    +....        H - amulet of reflection
Stlth   +            k - ring of positive energy
HPRegen 0.33/turn    G - +5 ring of evasion
MPRegen 0.00/turn

%: corrode self (3%), reflection, rampage, infuse magic (-3 HP)
@: flying
A: sickness immunity, fire resistance 2, cold vulnerability 1, float, innate
caster, HP casting, extra vitality 1
a: Renounce Religion, Minor Destruction


You were on level 10 of the Dungeon.
You worshipped Makhleb.
Makhleb was pleased with you.
You visited 2 branches of the dungeon, and saw 11 of its levels.

You collected 495 gold pieces.

Inventory:

Missiles
 z - a throwing net
Armour
 a - a +0 robe
 d - a +0 buckler (worn)
 w - +0 steam dragon scales
 y - a +0 kite shield
 B - the +4 ring mail of Obruwu (worn) {Rampage *Corrode rF+ Int+4}
   (You found it on level 6 of the Dungeon)

   Int+4:     It affects your intelligence (+4).
   rF+:       It protects you from fire.
   *Corrode:  It may corrode you when you take damage.
   Rampage:   It bestows one free step when moving towards enemies.
 F - a +0 helmet (worn)
 J - a +0 pair of gloves (worn)
Magical Staves
 r - a staff of fire (weapon)
Jewellery
 k - a ring of positive energy (left hand)
 G - a +5 ring of evasion (right hand)
 H - an amulet of reflection (around neck)
Wands
 C - a wand of polymorph (7)
 K - a wand of roots (5)
Scrolls
 b - 8 scrolls of identify {unknown}
 e - a scroll of silence {unknown}
 f - a scroll of amnesia {unknown}
 h - 2 scrolls of vulnerability {unknown}
 i - 2 scrolls of poison {unknown}
 l - 2 scrolls of teleportation {unknown}
 n - 2 scrolls of immolation {unknown}
 o - 3 scrolls of enchant weapon {unknown}
 q - a scroll of brand weapon {unknown}
 u - 2 scrolls of revelation {unknown}
 v - a scroll of fog {unknown}
 x - a scroll of enchant armour {unknown}
Potions
 c - 5 potions of curing {unknown}
 g - 2 potions of brilliance {unknown}
 j - 2 potions of heal wounds {unknown}
 m - a potion of invisibility {unknown}
 p - 3 potions of enlightenment {unknown}
 s - 2 potions of mutation {unknown}
 t - 3 potions of lignification {unknown}
 A - a potion of might {unknown}
 D - a potion of ambrosia {unknown}
 E - a potion of haste {unknown}
 I - 2 potions of degeneration {unknown}
Miscellaneous
 L - a phantom mirror


   Skills:
 + Level 6.8 Fighting
 * Level 8.0 Armour
 - Level 2.1 Dodging
 - Level 1.5 Stealth
 + Level 6.8 Shields
 * Level 10.5 Spellcasting
 * Level 10.5 Conjurations
 * Level 10.5 Hexes
   Level 0.0 Charms
 * Level 10.5 Summonings
 * Level 10.5 Necromancy
 * Level 10.5 Translocations
   Level 0.0 Transmutations
 * Level 10.5 Fire Magic
 * Level 10.5 Ice Magic
 * Level 10.5 Air Magic
 * Level 10.5 Earth Magic
 * Level 10.5 Alchemy


You knew the following spells:

 Your Spells              Type           Power      Damage    Failure   Level
a - Foxfire               Conj/Fire      100%       2x1d9     1%          1
b - Scorch                Fire           100%       2d9       1%          2
c - Flame Wave            Conj/Fire      76%        2d17      2%          4
d - Call Imp              Summ           100%       N/A       1%          2
e - Volatile Blastmotes   Fire/Tloc      100%       2d18      1%          3
f - Slow                  Hex            100%       N/A       1%          1
g - Inner Flame           Hex/Fire       76%        N/A       1%          3
h - Tukima's Dance        Hex            59%        N/A       1%          3
i - Leda's Liquefaction   Alch/Erth      29%        N/A       2%          4
j - Animate Dead          Necr           59%        N/A       2%          4
Your spell library was empty.

Dungeon Overview and Level Annotations

Branches:
Dungeon (10/15)            Temple (1/1) D:7            Lair (0/5) D:9
    Orc (0/2) D:10

Altars:
Ashenzari
Cheibriados
Dithmenos
Elyvilon
Fedhas
Gozag
Hepliaklqana
Makhleb
Nemelex Xobeh
Okawaru
Qazlal
Ru
Trog
Uskayaw
Wu Jian
Xom
Yredelemnul
Zin
The Shining One


Innate Abilities, Weirdness & Mutations

You are immune to sickness and miasma.
You are immune to poison.
Your flesh is very heat resistant. (rF++)
You are vulnerable to cold. (rC-)
You float through the air rather than walking.
You learn spells naturally, not from books.
Your magical power is your life essence.
You have superior vitality. (+4 MHP)


Message History

A cloud of volatile blastmotes flares up around you!
Run!
The cloud of blastmotes explodes!
The concussive blast engulfs the orc knight!
The orc knight is moderately wounded.
Casting: Volatile Blastmotes (safe; 1% risk of failure)
Confirm with . or Enter, or press ? or * to list all spells.
You feel a surge of power!
A cloud of volatile blastmotes flares up around you!
Run!
The cloud of blastmotes explodes!
The concussive blast engulfs the orc knight!
The orc knight is heavily wounded.
Casting: Volatile Blastmotes (safe; 1% risk of failure)
Confirm with . or Enter, or press ? or * to list all spells.
You feel a surge of power!
A cloud of volatile blastmotes flares up around you!
Run!
The cloud of blastmotes explodes!
The concussive blast engulfs the orc knight!
The orc knight is severely wounded.
The orc knight attacks as it pursues you!
The orc knight hits you from afar with a +0 halberd.
There is a stone staircase leading up here.
Casting: Volatile Blastmotes (safe; 1% risk of failure)
Confirm with . or Enter, or press ? or * to list all spells.
You feel a surge of power!
Flames lash the orc knight.
The orc knight is severely wounded.
The orc knight's fire resistance burns away.
* * * LOW HITPOINT WARNING * * *
You block the orc knight's attack. You block the orc knight's attack.
Casting: Scorch (safe; 1% risk of failure)
Confirm with . or Enter, or press ? or * to list all spells.
You feel a surge of power!
Flames lash the orc knight.
The orc knight is burned terribly!
The orc knight is severely wounded.
* * * LOW HITPOINT WARNING * * *
You block the orc knight's attack.
The orc knight hits you from afar with a +0 halberd!!
* * * LOW HITPOINT WARNING * * *
The orc knight hits you from afar with a +0 halberd.
You die...

#######.#
#.# #o# #.#
#Q# #.# #.#
#)##########
#.......o§@#
#.##########
#.# #.# #.#
#.# #.# #.#
###.#


You could see an orc knight (combustible).

Vanquished Creatures
  A hydra (D:10)
  A centaur warrior (D:10)
  3 two-headed ogres (D:9)
  A tengu warrior (D:10)
  Joseph (D:7)
  A kobold demonologist (D:10)
  Sigmund (D:2)
  A shadow (D:10)
  A vampire (D:10)
  5 yaks (D:9)
  A steam dragon (D:10)
  3 water moccasins
  Duvessa (D:7)
  3 ice beasts
  3 orc warriors
  3 sky beasts
  An ogre (D:4)
  A boggart (D:9)
  3 centaurs
  3 kobold brigands
  2 phantoms
  A bullfrog (D:6)
  A gnoll sergeant (D:6)
  A scorpion (D:6)
  Dowan (D:7)
  5 killer bees (D:9)
  2 bombardier beetles
  5 howler monkeys
  A crimson imp (D:7)
  2 jellies
  2 orc priests
  3 gnoll boudas
  2 hounds
  2 iguanas
  Jessica (D:2)
  A sleepcap (D:6)
  4 orc wizards
  20 gnolls
  2 adders
  A shadow imp (D:5)
  5 white imps
  3 ufetubi (D:5)
  2 dart slugs
  4 ribbon worms
  24 orcs
  8 bats
  8 endoplasms
  3 giant cockroaches
  4 goblins
  2 hobgoblins
  2 jackals (D:4)
  28 kobolds
  6 quokkas
  3 ball pythons (D:1)
  3 frilled lizards
  An orc zombie (D:10)
  5 rats
208 creatures vanquished.

Vanquished Creatures (collateral kills)
  A wyvern (D:9)
  A steam dragon (D:5)
  A water moccasin (D:8)
  A black bear (D:8)
  An orc warrior (D:10)
  An ogre (D:4)
  A kobold brigand (D:6)
  A gnoll sergeant (D:8)
  2 bullfrogs
  A scorpion (D:4)
  A howler monkey (D:9)
  A bombardier beetle (D:5)
  2 sleepcaps
  3 orc priests
  2 orc wizards
  5 gnolls
  An adder (D:2)
  A white imp (D:7)
  A dart slug (D:2)
  9 orcs
  An endoplasm (D:4)
  2 hobgoblins (D:2)
  2 jackals (D:4)
  A ball python (D:4)
  3 kobolds
46 creatures vanquished.

Vanquished Creatures (others)
  A boggart (D:9)
  A kobold brigand (D:10)
  An ufetubus (D:5)
  3 orc zombies (D:10)
  359 foxfires
365 creatures vanquished.

Grand Total: 619 creatures vanquished

Notes
Turn   | Place    | Note
-------+----------+-------------------------------------------
     0 | D:1      | gohu the Djinni Fire Elementalist began the quest for the
                  | Orb.
     0 | D:1      | gohu set off with the following spells memorised: Foxfire,
                  | Scorch, Volatile Blastmotes, Inner Flame, Flame Wave.
     0 | D:1      | Reached XP level 1. HP: 15/15 MP: 0/0
   119 | D:1      | Reached XP level 2. HP: 19/21 MP: 0/0
   422 | D:1      | Reached XP level 3. HP: 23/25 MP: 0/0
   422 | D:1      | Learned a level 1 spell: Slow
  1142 | D:2      | Noticed Sigmund
  1149 | D:2      | Killed Sigmund
  1150 | D:2      | Reached skill level 5 in Spellcasting
  1150 | D:2      | Reached skill level 5 in Conjurations
  1150 | D:2      | Reached skill level 5 in Hexes
  1150 | D:2      | Reached skill level 5 in Summonings
  1150 | D:2      | Reached skill level 5 in Necromancy
  1150 | D:2      | Reached skill level 5 in Translocations
  1150 | D:2      | Reached skill level 5 in Fire Magic
  1150 | D:2      | Reached skill level 5 in Ice Magic
  1150 | D:2      | Reached skill level 5 in Air Magic
  1150 | D:2      | Reached skill level 5 in Earth Magic
  1150 | D:2      | Reached skill level 5 in Alchemy
  1150 | D:2      | Reached XP level 4. HP: 25/31 MP: 0/0
  1150 | D:2      | Reached XP level 5. HP: 29/35 MP: 0/0
  1150 | D:2      | Learned a level 2 spell: Call Imp
  1150 | D:2      | Reached XP level 6. HP: 33/40 MP: 0/0
  1322 | D:2      | Found a blossoming altar of Fedhas.
  1751 | D:2      | Noticed Jessica
  1752 | D:2      | Killed Jessica
  2101 | D:2      | Found a faded altar of an unknown god.
  2367 | D:3      | Reached XP level 7. HP: 30/45 MP: 0/0
  2367 | D:3      | Learned a level 3 spell: Tukima's Dance
  2742 | D:4      | Found a glowing silver altar of Zin.
  3175 | D:4      | Reached XP level 8. HP: 26/51 MP: 0/0
  3834 | D:5      | Entered Level 5 of the Dungeon
  3846 | D:5      | Reached skill level 1 in Fighting
  3846 | D:5      | Reached skill level 1 in Shields
  4117 | D:5      | Identified the +1 kite shield "Biutsy" {rC+}
  5009 | D:5      | Reached XP level 9. HP: 58/60 MP: 0/0
  5009 | D:5      | Learned a level 4 spell: Leda's Liquefaction
  5920 | D:6      | Identified the +4 ring mail of Obruwu {Rampage *Corrode rF+
                  | Int+4}
  6085 | D:6      | Reached skill level 1 in Armour
  6127 | D:6      | Found an iron altar of Okawaru.
  6127 | D:6      | Found a hide-covered altar of Uskayaw.
  6694 | D:7      | Noticed Joseph
  6725 | D:7      | Killed Joseph
  7202 | D:7      | Found a staircase to the Ecumenical Temple.
  7211 | Temple   | Entered the Ecumenical Temple
  7224 | Temple   | Became a worshipper of Makhleb the Destroyer
  7259 | D:7      | Reached XP level 10. HP: 62/69 MP: 0/0
  7629 | D:7      | Noticed Duvessa
  7638 | D:7      | Killed Duvessa
  7641 | D:7      | Noticed Dowan
  7659 | D:7      | Killed Dowan
  7660 | D:7      | Reached skill level 5 in Fighting
  7660 | D:7      | Reached skill level 5 in Shields
  7812 | D:7      | Found a basalt altar of Yredelemnul.
  7812 | D:7      | Found a broken altar of Ashenzari.
  8279 | D:8      | Reached * piety under Makhleb
  8780 | D:8      | Found a bloodstained altar of Trog.
  8899 | D:9      | Found a staircase to the Lair.
  9065 | D:9      | Reached skill level 5 in Armour
  9249 | D:9      | Found a glowing golden altar of the Shining One.
  9584 | D:9      | Noticed a two-headed ogre
  9602 | D:9      | Noticed a two-headed ogre
  9603 | D:9      | Killed a two-headed ogre
  9614 | D:9      | Killed a two-headed ogre
  9615 | D:9      | Reached XP level 11. HP: 60/76 MP: 0/0
  9615 | D:9      | Learned a level 4 spell: Animate Dead
  9733 | D:9      | Reached skill level 10 in Spellcasting
  9733 | D:9      | Reached skill level 10 in Conjurations
  9733 | D:9      | Reached skill level 10 in Hexes
  9733 | D:9      | Reached skill level 10 in Summonings
  9733 | D:9      | Reached skill level 10 in Necromancy
  9733 | D:9      | Reached skill level 10 in Translocations
  9733 | D:9      | Reached skill level 10 in Fire Magic
  9733 | D:9      | Reached skill level 10 in Ice Magic
  9733 | D:9      | Reached skill level 10 in Air Magic
  9733 | D:9      | Reached skill level 10 in Earth Magic
  9733 | D:9      | Reached skill level 10 in Alchemy
  9758 | D:9      | Noticed a two-headed ogre
  9775 | D:9      | Killed a two-headed ogre
 10136 | D:10     | Entered Level 10 of the Dungeon
 10383 | D:10     | Reached ** piety under Makhleb
 10674 | D:10     | Found a staircase to the Orcish Mines.
 10809 | D:10     | Noticed a centaur warrior
 10809 | D:10     | Noticed a centaur warrior
 10809 | D:10     | Noticed a seven-headed hydra
 10809 | D:10     | Noticed a tengu warrior
 10810 | D:10     | Noticed an orc knight
 10831 | D:10     | Killed a seven-headed hydra
 10837 | D:10     | Killed a centaur warrior
 10853 | D:10     | Killed a tengu warrior
 10865 | D:10     | HP: 3/78 [orc knight/+0 halberd (18)]
 10866 | D:10     | Slain by an orc knight

Illustrated notes

Levels and vault maps discovered:
D:1:      tarquinn_simple_flora_water_b, layout_basic
D:2:      layout_basic, basic_altar, shapermc_ecumenical_altar_mp_vishouse,
          minmay_tiny_reverse_x, uniq_sigmund, uniq_jessica
D:3:      layout_rooms
D:4:      layout_basic, lemuel_crystal_altar, kennysheep_generic_room_3
D:5:      layout_basic
D:6:      layout_loops_ring, nicolae_sif_muna_condensation,
          mainiacjoe_overflow_divided_tiny
D:7:      layout_loops_ring, gammafunk_temple_overflow_wave,
          minmay_temple_entry_mini_moons, minmay_fire_ice_demons, uniq_duvessa,
          uniq_joseph
D:8:      layout_rooms, mainiacjoe_overflow_tiny_flanked, general_overflow_altar
D:9:      layout_roguey, tso_altar, lair_entry_dummy, minmay_misc_feat_plants,
          nicolae_phantomly_mirrored
D:10:     layout_basic, minmay_orc_entry_temple_small, minivault_28
Temple:   nicolae_temple_ecumenical_triangle

Skill      XL: |  1  2  3  4  5  6  7  8  9 10 11 |
---------------+----------------------------------+-----
Spellcasting   | 5 6 7 8 9 10 | 10.5
Conjurations   | 5 6 7 8 9 10 | 10.5
Hexes          | 5 6 7 8 9 10 | 10.5
Summonings     | 5 6 7 8 9 10 | 10.5
Necromancy     | 5 6 7 8 9 10 | 10.5
Translocations | 5 6 7 8 9 10 | 10.5
Fire Magic     | 5 6 7 8 9 10 | 10.5
Ice Magic      | 5 6 7 8 9 10 | 10.5
Air Magic      | 5 6 7 8 9 10 | 10.5
Earth Magic    | 5 6 7 8 9 10 | 10.5
Alchemy        | 5 6 7 8 9 10 | 10.5
Fighting       | 3 4 5 6 |  6.8
Shields        | 3 4 5 6 |  6.8
Armour         | 3 6 8 |  8.0
Dodging        | |  2.1
Stealth        | |  1.5

Action                     |  1- 3 |  4- 6 |  7- 9 | 10-12 || total
---------------------------+-------+-------+-------+-------++-------
  Melee: Staff             |       |       |    12 |    10 ||    22
   Cast: Foxfire           |    62 |    52 |    73 |    49 ||   236
         Scorch            |     5 |    12 |   112 |    69 ||   198
         Call Imp          |       |    17 |    49 |    26 ||    92
         Volatile Blastmot |       |       |    10 |    44 ||    54
         Flame Wave        |       |       |       |     4 ||     4
         Animate Dead      |       |       |       |     9 ||     9
 Armour: Robe              |     6 |     6 |    16 |       ||    28
         Steam dragon scal |       |       |    12 |       ||    12
         Ring mail         |       |       |    19 |    89 ||   108
  Dodge: Dodged            |    15 |     7 |    36 |    67 ||   125
  Block: Buckler           |     3 |     1 |    12 |    69 ||    85
         Reflection        |       |       |       |    16 ||    16
